 Dungeon Crawl Stone Soup version 0.30-a0-368-g86fb4627a9 (webtiles) character file.

Game seed: 12702384072897254174

373 lunkers the Cutter (level 6, -3/35 (51) HPs)
             Began as an Armataur Reaver on Nov 19, 2022.
             Was an Elder of Ignis.
             Succumbed to Duvessa's poison
             ... on level 5 of the Dungeon.
             The game lasted 00:06:17 (3823 turns).

lunkers the Cutter (Armataur Reaver)                Turns: 3823, Time: 00:06:18

HP:   -3/35 (51)    AC:  5    Str: 17    XL:     6   Next: 43%
MP:   8/8           EV:  9    Int: 15    God:    Ignis [****..]
Gold: 129           SH:  0    Dex: 15    Spells: 7/8 levels left

rFire   + . .      SeeInvis .    c - +1 dagger (speed)
rCold   . . .      Faith    .    (no shield)
rNeg    . . .      Spirit   .    b - +0 leather armour
rPois   .          Reflect  .    (no helmet)
rElec   .          Harm     .    (no cloak)
rCorr   .          Roll     +    w - +0 pair of gloves
Will    .....                    (no barding)
Stlth   +.........               (no amulet)
HPRegen 0.25/turn                s - +6 ring of dexterity
MPRegen 0.11/turn                (no ring)

@: lethally poisoned (-3 -> -22), very heavily drained
A: large, rugged brown scales 3, deformed body, armoured tail, roll, long
tongue, awkward tongue
a: Renounce Religion, Fiery Armour, Foxfire Swarm, Rising Flame


You were on level 5 of the Dungeon.
You worshipped Ignis.
Ignis was greatly pleased with you.
You visited 1 branch of the dungeon, and saw 5 of its levels.

You collected 129 gold pieces.

Inventory:

Hand Weapons
 a - a +0 short sword
 c - a +1 dagger of speed (weapon)
Missiles
 t - 2 curare-tipped darts
Armour
 b - a +0 leather armour (worn)
 k - a +0 buckler
 w - a +0 pair of gloves (worn)
Jewellery
 p - a ring of ice
 s - a +6 ring of dexterity (left hand)
 v - a +6 ring of intelligence
Wands
 u - a wand of digging (2)
Scrolls
 e - 2 scrolls of teleportation {unknown}
 g - a scroll of vulnerability {unknown}
 h - a scroll of poison {unknown}
 j - a scroll of summoning {unknown}
 l - 2 scrolls of identify {unknown}
 m - a scroll of noise {unknown}
Potions
 d - 2 potions of degeneration {unknown}
 f - 2 potions of resistance {unknown}
 i - a potion of magic {unknown}
 n - a potion of cancellation {unknown}
 o - a potion of mutation {unknown}
 q - a potion of heal wounds {unknown}
 r - a potion of might {unknown}


   Skills:
 - Level 1.7 Fighting
 + Level 6.7 Short Blades
 - Level 1.3 Dodging
 - Level 1.7 Spellcasting
 - Level 2.6 Conjurations


You had 7 spell levels left.
You knew the following spells:

 Your Spells              Type           Power      Damage    Failure   Level
p - Kiss of Death         Conj/Necr      20%        2d7       16%         1

Your spell library contained the following spells:

 Spells                   Type           Power      Damage    Failure   Level
 Magic Dart               Conj           36%        1d4       10%         1
 Searing Ray              Conj           18%        2d5       14%         2
 Momentum Strike          Conj/Tloc      10%        3d8       24%         2
 Hailstorm                Conj/Ice       5%         3d4       43%         3
 Fulminant Prism          Conj/Hex       2%         3d5       85%         4
 Ice Form                 Ice/Tmut       1%         N/A       95%         4
 Simulacrum               Ice/Necr       0%         N/A       100%        6


Dungeon Overview and Level Annotations

Branches:
Dungeon (5/15)
 Temple: D:4-7

Altars:
Ignis

Shops:
D:4 (

Annotations:
D:3 2 runed translucent doors
D:5 Duvessa


Innate Abilities, Weirdness & Mutations

You are completely covered in rugged brown scales. (AC +3, +7% HP)
Armour fits poorly on your strangely shaped body.
You have a long armoured tail.
You roll when moving toward enemies. (Rampage)
Your long tongue fully drains potion bottles. (2x potion effects)
Your tongue gives you trouble enunciating. (1.5x scroll delay)


Message History

The foxfire hits Duvessa.
Duvessa is heavily wounded.
The foxfire hits Duvessa but does no damage.
Duvessa is heavily wounded.
The foxfire hits Duvessa.
Duvessa is heavily wounded.
The foxfire hits Duvessa but does no damage.
Duvessa is heavily wounded.
A hound comes into view.
The foxfire hits Duvessa but does no damage.
Duvessa is heavily wounded.
The foxfire hits Duvessa.
Duvessa is heavily wounded.
The foxfire hits Duvessa but does no damage.
Duvessa is heavily wounded.
The foxfire hits Duvessa.
Duvessa is heavily wounded.
The foxfire hits Duvessa.
Duvessa is heavily wounded.
The foxfire hits Duvessa.
Duvessa is severely wounded.
The foxfire hits Duvessa but does no damage.
Duvessa is severely wounded.
The foxfire hits Duvessa but does no damage.
Duvessa is severely wounded.
The foxfire hits Duvessa but does no damage.
Duvessa is severely wounded.
The foxfire hits Duvessa but does no damage.
Duvessa is severely wounded.
Activating: Foxfire Swarm
Press: ? - help, Dir - look around, f - activate Flames leap up around you!
Duvessa hits you with a +2 rapier of venom!
* * * LOW HITPOINT WARNING * * *
You are poisoned.
Duvessa hits you with a +2 rapier of venom!
* * * LOW HITPOINT WARNING * * *
You are more poisoned.
Your foxfire dissipates!
You die...

#.#. #........#
#.#.
##........#
#...##.........
#...#h......#
#.........[.#
#.vvvvv)....#
#.vvvvv<..#.
#.vv.ev!....#
#.v@vvv.###.#
#.vvvvv.....#
##.##....... #.
.........
............
#............
#.. ....... #..
....


You could see Duvessa (berserk, ally target) and a hound.

Vanquished Creatures
  An ogre (D:3)
  Dowan (D:5)
  An orc priest (D:4)
  A jelly (D:4)
  2 iguanas (D:4)
  Terence (D:2)
  4 adders
  A worm (D:4)
  6 dart slugs
  2 orcs (D:4)
  5 bats
  6 endoplasms
  A giant cockroach (D:1)
  7 goblins
  4 hobgoblins
  5 kobolds
  4 quokkas
  5 ball pythons
  5 frilled lizards
  5 rats
67 creatures vanquished.

Vanquished Creatures (others)
  42 foxfires (D:5)
42 creatures vanquished.

Grand Total: 109 creatures vanquished

Notes
Turn   | Place    | Note
-------+----------+-------------------------------------------
     0 | D:1      | lunkers the Armataur Reaver began the quest for the Orb.
     0 | D:1      | Reached XP level 1. HP: 18/18 MP: 3/3
    67 | D:1      | Reached skill level 3 in Short Blades
   129 | D:1      | Reached XP level 2. HP: 25/25 MP: 4/4
   815 | D:2      | Noticed Terence
   831 | D:1      | Reached XP level 3. HP: 11/31 MP: 5/5
   916 | D:2      | Killed Terence
   917 | D:2      | Reached skill level 4 in Short Blades
  1131 | D:2      | Reached XP level 4. HP: 24/33 MP: 6/6
  1957 | D:3      | Found a faded altar of an unknown god.
  2004 | D:3      | Prayed at the altar of an unknown god.
  2004 | D:3      | Became a worshipper of Ignis, the Dying Flame
  2131 | D:3      | Noticed an ogre
  2149 | D:3      | Reached skill level 5 in Short Blades
  2152 | D:3      | Killed an ogre
  2153 | D:3      | Reached XP level 5. HP: 10/40 MP: 4/7
  2308 | D:3      | Found a large runed translucent door.
  2308 | D:3      | Found a large runed translucent door.
  2868 | D:4      | Reached skill level 6 in Short Blades
  3063 | D:4      | Reached XP level 6. HP: 33/33 MP: 8/8
  3094 | D:4      | Found Hutu Faa's Antique Weapon Emporium.
  3814 | D:5      | Entered Level 5 of the Dungeon
  3814 | D:5      | Noticed Duvessa
  3814 | D:5      | Noticed Dowan
  3816 | D:5      | Killed Dowan
  3822 | D:5      | HP: 1/35 [Duvessa/+2 rapier of venom (16)]
  3823 | D:5      | Succumbed to Duvessa's poison

Illustrated notes

Levels and vault maps discovered:
D:1:      elethiomel_arrival_infinity_welcomes_careful_drivers, layout_rooms
D:2:      layout_basic, serial_curves, eino_curves_04, eino_curves_02,
          uniq_terence
D:3:      layout_rooms, jmf_multi_god_temple2, nicolae_ecumenical_pavilion,
          minmay_misc_feat_iff
D:4:      layout_gridville, serial_shops, kennysheep_mini
D:5:      layout_basic, mainiacjoe_overflow_alcove_4, nemelex_dance_club_becter,
          serial_shops, shop, uniq_duvessa

Skill      XL: |  1  2  3  4  5 |
---------------+----------------+-----
Short Blades   | 3 4 5 6 |  6.7
Fighting       | |  1.7
Dodging        | |  1.3
Spellcasting   | |  1.7
Conjurations   | |  2.6

Action                   |  1- 3 |  4- 6 || total
-------------------------+-------+-------++-------
Melee: Dagger            |   145 |   206 ||   351
       Short sword       |     2 |       ||     2
       Tailslap          |    14 |    20 ||    34
       Punch             |     2 |     3 ||     5
 Cast: Kiss of Death     |     2 |     6 ||     8
Invok: Foxfire Swarm     |       |     3 ||     3
Armor: Leather armour    |    35 |    30 ||    65
Dodge: Dodged            |    38 |    43 ||    81

Table legend: (Time is in decaauts)
 A = Elapsed time spent in this place.
 B = Non-inter-level travel time spent in this place.
 C = Inter-level travel time spent in this place.
 D = Time resting spent in this place.
 E = Time spent auto-exploring this place.
 F = Levels seen in this place.
 G = Mean time per level.
                   A        B        C        D        E       F      G
               +--------+--------+--------+--------+--------+-----+--------+
         Total |   3650 |   3538 |    112 |     80 |   2991 |   5 |  730.0 |
       Dungeon |   3650 |   3538 |    112 |     80 |   2991 |   5 |  730.0 |
               +--------+--------+--------+--------+--------+-----+--------+

Top non-repeatable levels by time:
     D:4: 1019 daAuts
     D:2: 1007 daAuts
     D:1: 846 daAuts
     D:3: 768 daAuts
     D:5: 8 daAuts
